 Dungeon Crawl Stone Soup version 0.32-a0-468-g38b2580584 (webtiles) character file.

Game seed: 15122744868082262625

795 dialectric the Trooper (level 7, -2/61 HPs)
             Began as a White Draconian Shapeshifter on Feb 24, 2024.
             Slain by an adder (3 damage)
             ... on level 6 of the Dungeon.
             The game lasted 00:06:32 (3499 turns).

dialectric the Trooper (DrSh)                       Turns: 3499, Time: 00:06:32

Health: -2/61      AC:  6    Str: 18    XL:     7   Next: 58%
Magic:  7/7        EV: 13    Int: 10    God:
Gold:   228        SH:  0    Dex: 11    Spells: 6/6 levels left

rFire   . . .        l - +2 short sword (protect)
rCold   + . .        (no shield)
rNeg    . . .        (body armour unavailable)
rPois   .            (helmet currently unavailable)
rElec   .            (cloak currently unavailable)
rCorr   .            (gloves currently unavailable)
SInv    .            (boots currently unavailable)
Will    .....        (no amulet)
Stlth   +            (no ring)
HPRegen 0.30/turn    (no ring)
MPRegen 0.10/turn

%: no passive effects
@: beast-form, on berserk cooldown
A: beast (slay +1), breathe frost, AC +6, unfitting armour, cold resistance 1,
cold-blooded
a: Breathe Frost, Begin Untransformation


You were on level 6 of the Dungeon.
You were a hulking beast.
You visited 1 branch of the dungeon, and saw 6 of its levels.
You also visited: Sewer.

You collected 228 gold pieces.

Inventory:

Hand Weapons
 l - a +2 short sword of protection (weapon)
Missiles
 y - 5 poisoned darts (quivered)
Armour
 s - a +0 cloak
Jewellery
 o - a +6 ring of strength
Talismans
 b - a beast talisman (active)
 c - a flux talisman
 j - a talisman of death
Scrolls
 d - 2 scrolls of summoning {unknown}
 e - a scroll of revelation {unknown}
 g - a scroll of vulnerability {unknown}
 i - a scroll of enchant weapon {unknown}
 k - a scroll of teleportation {unknown}
 q - 2 scrolls of silence {unknown}
 u - a scroll of immolation {unknown}
 v - a scroll of noise {unknown}
 w - a scroll of blinking
 z - a scroll of amnesia {unknown}
 A - a scroll of identify
Potions
 a - 2 potions of resistance
 f - a potion of curing
 h - 2 potions of enlightenment {unknown}
 m - a potion of ambrosia
 n - a potion of degeneration {unknown}
 r - 2 potions of berserk rage
 t - a potion of brilliance
 x - a potion of invisibility


   Skills:
 + Level 5.3 Fighting
 + Level 4.3 Short Blades
 + Level 4.7 Dodging
 - Level 3.6 Unarmed Combat
 - Level 3.0 Shapeshifting


You had 6 spell levels left.
You didn't know any spells.
Your spell library contained the following spells:

 Spells                   Type           Power      Damage    Failure   Level
 Mercury Vapours          Alch/Air       0%         N/A       50%         2
 Mephitic Cloud           Conj/Alch/Air  0%         N/A       75%         3
 Freezing Cloud           Conj/Ice/Air   0%         6-21      100%        5
 Silence                  Hex/Air        0%         N/A       100%        5
 Summon Forest            Summ/Tloc      0%         N/A       100%        5
 Summon Cactus Giant      Summ           0%         N/A       100%        6


Dungeon Overview and Level Annotations

Branches:
Dungeon (6/15)              Sewer (visited)
 Temple: D:4-7

Altars:
Fedhas
Qazlal
The Shining One

Annotations:
D:4 Eustachio, Sigmund


Innate Abilities, Weirdness & Mutations

You are a hulking beast.
Your limbs bulge with bestial killing power. (Slay +1)
You can breathe waves of freezing cold which knock back foes.
Your icy white scales are hard. (AC +6)
You cannot fit into any form of body armour.
Your flesh is cold resistant. (rC+)
You are cold-blooded and may be slowed by cold attacks.


Message History

The bombardier beetle attacks as it pursues you!
The bombardier beetle misses you.
The phantom hits you but does no damage.
You feel yourself speed up. The phantom attacks as it pursues you!
The phantom hits you.
* * * LOW HITPOINT WARNING * * *
The phantom blinks!
You blink.
The hobgoblin zombie barely misses you.
The goblin zombie hits you but does no damage.
The phantom barely misses you.
The phantom hits you but does no damage.
The adder hisses angrily.
The goblin skeleton attacks as it pursues you!
The goblin skeleton hits you but does no damage.
The phantom barely misses you.
The bombardier beetle sprays incendiary fluid at you.
The burning spray hits you.
You are covered in liquid fire!
You shake off some of the fire as you move.
The liquid fire burns you!
* * * LOW HITPOINT WARNING * * *
You miss the adder.
Your attack snaps the adder out of its fear.
You tail-slap the adder.
The adder is moderately wounded.
The liquid fire burns you!
* * * LOW HITPOINT WARNING * * *
The adder bites you but does no damage.
The goblin skeleton hits you but does no damage.
You shake off some of the fire as you move.
The liquid fire burns you!
* * * LOW HITPOINT WARNING * * *
The adder closely misses you.
Found a There-And-Back Book.
You shake off the liquid fire.
The adder barely misses you.
You open the door. The adder bites you.
* * * LOW HITPOINT WARNING * * *
The phantom barely misses you. The adder bites you.
You die...

.............#.....#....
.........Z..#......##...
............#....###....
.............###.#..#...
.......Z.Z..............
.......ZZBZ.............
..#####ZfZ..............
#SW...............
#h................
#...'.............†...
#...#.............<...
#...#.................
#.. #.................
#.. #.................
#. ###.......######## ..
..:.... ..


You could see a phantom, a sleepcap, a bombardier beetle, an adder, a goblin
zombie, 2 hobgoblin zombies, an orc zombie and 4 goblin skeletons.

Vanquished Creatures
  Duvessa (D:4)
  An ogre (D:5)
  A kobold brigand (Sewer)
  A scorpion (D:5)
  Dowan (D:4)
  A howler monkey (D:5)
  2 iguanas (D:4)
  3 orc wizards (D:5)
  12 adders
  4 river rats
  7 ribbon worms
  2 dart slugs
  9 orcs
  9 endoplasms
  A giant cockroach (D:2)
  4 goblins
  9 hobgoblins
  8 kobolds
  3 quokkas
  13 ball pythons
  6 bats
  5 frilled lizards
  8 rats
111 creatures vanquished.

Notes
Turn   | Place    | Note
-------+----------+-------------------------------------------
     0 | D:1      | dialectric the Draconian Shapeshifter began the quest for
                  | the Orb.
     0 | D:1      | Reached XP level 1. HP: 16/16 MP: 1/1
   230 | D:1      | Reached XP level 2. HP: 23/23 MP: 2/2
   756 | D:2      | Reached skill level 2 in Fighting
   756 | D:2      | Reached XP level 3. HP: 26/29 MP: 3/3
   854 | D:2      | Got the Incunable of the Ensnaring Escort
   948 | D:2      | Found a faded altar of an unknown god.
  1185 | D:2      | Reached skill level 1 in Short Blades
  1340 | D:3      | Reached XP level 4. HP: 37/37 MP: 4/4
  1938 | D:4      | Noticed Sigmund
  1990 | D:3      | Reached skill level 3 in Fighting
  1990 | D:3      | Reached XP level 5. HP: 44/45 MP: 5/5
  2033 | D:4      | Noticed Dowan
  2034 | D:4      | Noticed Duvessa
  2104 | D:4      | Killed Duvessa
  2125 | D:4      | Killed Dowan
  2126 | D:4      | Reached XP level 6. HP: 30/52 MP: 6/6
  2212 | D:4      | Found a glowing drain.
  2227 | Sewer    | Entered a sewer
  2247 | Sewer    | Reached skill level 4 in Fighting
  3084 | D:4      | Found a blossoming altar of Fedhas.
  3085 | D:4      | Found a stormy altar of Qazlal.
  3100 | D:4      | Noticed Eustachio
  3135 | D:5      | Entered Level 5 of the Dungeon
  3224 | D:5      | Your scales start taking on an icy white colour.
  3224 | D:5      | Reached XP level 7. HP: 42/60 MP: 7/7
  3224 | D:5      | Gained mutation: Your flesh is cold resistant. (rC+) [White
                  | Draconian growth]
  3261 | D:5      | Reached skill level 5 in Fighting
  3471 | D:6      | Found a glowing golden altar of the Shining One.
  3497 | D:6      | HP: 2/61 [burnt (6)]
  3499 | D:6      | Slain by an adder

Illustrated notes

Levels and vault maps discovered:
D:1:      amcnicky_arrival_flooded_fountain, layout_loops_cross
D:2:      layout_loops_ring, shapermc_ecumenical_altar_mp_urbaneastern
D:3:      layout_rooms, kennysheep_nub, minivault_14, nrook_uturn
D:4:      layout_loops_ring, grunt_temple_overflow_forces_of_nature,
          mainiacjoe_overflow_surrounded_room, portal_sewer_entry_e,
          hangedman_decor_lopped, uniq_sigmund, uniq_eustachio, uniq_duvessa
D:5:      layout_gridville, hangedman_decor_riveting, serial_bayou_pond_d
D:6:      layout_gridville, lemuel_zombie_altar_yredelemnul,
          nicolae_tso_besieged_by_evil, minmay_temple_entry_enclosed_plants

Skill      XL: |  1  2  3  4  5  6  7 |
---------------+----------------------+-----
Dodging        | 2 3 4 |  4.7
Fighting       | 2 3 4 5 |  5.3
Short Blades   | 1 2 3 4 |  4.3
Unarmed Combat | |  3.6
Shapeshifting  | |  3.0

Action                     |  1- 3 |  4- 6 |  7- 9 || total
---------------------------+-------+-------+-------++-------
  Melee: Unarmed           |    26 |       |       ||    26
         Tailslap          |    12 |    36 |    11 ||    59
         Short sword       |    80 |   299 |    69 ||   448
  Throw: Dart              |       |     7 |       ||     7
Ability: Breathe Frost     |       |       |     3 ||     3
    Use: Potion            |       |     3 |     1 ||     4
         Scroll            |       |     6 |     1 ||     7
   Stab: Sleeping          |     1 |       |       ||     1
 Armour: Skin              |    56 |   194 |   105 ||   355
  Dodge: Dodged            |    65 |   181 |    74 ||   320

Table legend: (Time is in decaauts)
 A = Elapsed time spent in this place.
 B = Non-inter-level travel time spent in this place.
 C = Inter-level travel time spent in this place.
 D = Time resting spent in this place.
 E = Time spent auto-exploring this place.
 F = Levels seen in this place.
 G = Mean time per level.
                   A        B        C        D        E       F      G
               +--------+--------+--------+--------+--------+-----+--------+
         Total |   3595 |   3549 |     46 |     40 |   2062 |   7 |  513.6 |
       Dungeon |   2943 |   2897 |     46 |     40 |   1865 |   6 |  490.5 |
         Sewer |    652 |    652 |      0 |      0 |    196 |   1 |  652.0 |
               +--------+--------+--------+--------+--------+-----+--------+

Top non-repeatable levels by time:
     D:2: 776 daAuts
     D:4: 768 daAuts
   Sewer: 652 daAuts
     D:3: 573 daAuts
     D:1: 476 daAuts
     D:5: 307 daAuts
     D:6: 42 daAuts
